 Dungeon Crawl Stone Soup version 0.28.0 (webtiles) character file.

Game seed: 12420032548976137996

52 Hasart the Covered (level 3, 0/31 HPs)
             Began as a Demigod Fighter on Feb 16, 2022.
             Slain by an orc priest (6 damage)
             ... on level 3 of the Dungeon.
             The game lasted 00:01:09 (1577 turns).

Hasart the Covered (Demigod Fighter)                Turns: 1577, Time: 00:01:10

Health: 0/31       AC:  6    Str: 21    XL:     3   Next: 39%
Magic:  5/5        EV:  9    Int: 10    God:
Gold:   65         SH:  4    Dex: 13    Spells: 2/2 levels left

rFire   . . .      SeeInvis .   a - +0 war axe
rCold   . . .      Faith    .   c - +0 buckler
rNeg    . . .      Spirit   .   b - +0 scale mail
rPois   .          Reflect  .   (no helmet)
rElec   .          Harm     .   (no cloak)
rCorr   .          Rampage  .   (no gloves)
Will    .....                   (no boots)
Stlth   ..........              (no amulet)
HPRegen 0.10/turn               (no ring)
MPRegen 0.09/turn               (no ring)

@: no status effects
A: high MP 1, forlorn, divine attributes
a: no special abilities


You were on level 3 of the Dungeon.
You visited 1 branch of the dungeon, and saw 3 of its levels.

You collected 65 gold pieces.

Inventory:

Hand Weapons
 a - a +0 war axe (weapon)
Armour
 b - a +0 scale mail (worn)
 c - a +0 buckler (worn)
Scrolls
 e - a scroll of teleportation {unknown}
 f - a scroll of magic mapping {unknown}
 h - a scroll of fog {unknown}
 j - 2 scrolls of identify {unknown}
 l - a scroll of immolation {unknown}
Potions
 d - a potion of might
 g - a potion of ambrosia {unknown}
 i - 2 potions of curing {unknown}
 k - a potion of brilliance {unknown}
 m - a potion of resistance {unknown}


   Skills:
 + Level 3.0 Fighting
 * Level 2.4 Axes
 + Level 3.1 Armour
 + Level 0.7 Dodging
 + Level 3.0 Shields


You had 2 spell levels left.
You didn't know any spells.
Your spell library was empty.

Dungeon Overview and Level Annotations

Branches:
Dungeon (3/15)


Innate Abilities, Weirdness & Mutations

You have an increased reservoir of magic. (+10% MP)
You shall have no god before yourself.
Your divine heritage dramatically boosts your attributes as you level up.


Message History

Unknown command.
You slash the orc!
You kill the orc!
You slash the kobold!
You kill the kobold!
You barely miss the orc. The orc closely misses you.
The orc hits you with a +0 club.
You slash the orc!
You kill the orc!
Unknown command.
No target in view!
Unknown command.
No target in view!
You start resting.
HP restored.
You climb downwards.
The bat hits you but does no damage.
The orc priest calls down the wrath of Beogh upon you.
Pain shoots through your body!
The ball python bites you but does no damage.
The ball python closely misses you. The orc hits you but does no damage.
The bat hits you but does no damage.
The orc priest calls down the wrath of Beogh upon you.
Pain shoots through your body!
There is a stone staircase leading up here.
You closely miss the orc priest. You completely miss the ball python.
You hit the orc. You hit the endoplasm but do no damage. You slash the bat!
You kill the bat!
You block the ball python's attack. The ball python grabs you.
The ball python constricts you. The endoplasm freezes you.
You are frozen.
The orc hits you but does no damage.
The orc priest hits you with a +0 short sword.
* * * LOW HITPOINT WARNING * * *
You block the ball python's attack. The ball python constricts you.
You block the endoplasm's attack. The orc hits you but does no damage.
You closely miss the orc priest. You slash the ball python!
You kill the ball python!
You hit the orc. You hit the endoplasm but do no damage.
The orc priest hits you with a +0 short sword.
You die...

... . ### ...
.. ..# ....
#.####.# .<.[.
#......##.....
#.............
#......J......
#.....@†.#
#....o†o.#
#........#
#........#
..........#
##........#
#........#
#..?.....#


You could see an orc priest, an orc and an endoplasm.

Vanquished Creatures
  An adder (D:2)
  A worm (D:2)
  3 dart slugs
  3 orcs (D:2)
  4 endoplasms
  A goblin (D:1)
  2 hobgoblins (D:1)
  4 quokkas
  3 ball pythons
  A bat (D:3)
  5 frilled lizards
  3 kobolds
  A rat (D:1)
32 creatures vanquished.

Vanquished Creatures (others)
  2 plants (D:1)
2 creatures vanquished.

Grand Total: 34 creatures vanquished

Notes
Turn   | Place    | Note
-------+----------+-------------------------------------------
     0 | D:1      | Hasart the Demigod Fighter began the quest for the Orb.
     0 | D:1      | Reached XP level 1. HP: 18/18 MP: 3/3
   234 | D:1      | Reached XP level 2. HP: 22/25 MP: 4/4
  1161 | D:2      | Reached XP level 3. HP: 27/31 MP: 5/5
  1577 | D:3      | Slain by an orc priest

Illustrated notes

Levels and vault maps discovered:
D:1:      giann_bridges, layout_rooms, shapermc_ecumenical_altar_petra
D:2:      minmay_angry_zag, layout_loops_ring, basic_altar
D:3:      layout_basic

Skill      XL: |  1  2 |
---------------+-------+-----
Axes           | 2 |  2.4
Armour         | 3 |  3.1
Fighting       | 3 |  3.0
Shields        | 3 |  3.0
Dodging        | |  0.7

Action                   || total
-------------------------++-------
Melee: War axe           ||    58
Armor: Scale mail        ||    30
Dodge: Dodged            ||    23
Block: Buckler           ||    20
